 Dungeon Crawl Stone Soup version 0.29.1-1-gd02db6906a (webtiles) character file.

Game seed: 10823091017616276791

187 Sabo the Magician (level 5, -1/28 HPs)
             Began as a Deep Elf Air Elementalist on Oct 15, 2022.
             Was a Follower of Okawaru.
             Slain by a gnoll sergeant
             ... wielding a +0 spear
              (8 damage)
             ... on level 6 of the Dungeon.
             The game lasted 00:26:05 (4548 turns).

Sabo the Magician (Deep Elf Air Elementalist)       Turns: 4548, Time: 00:26:06

Health: -1/28      AC:  3    Str:  5    XL:     5   Next: 39%
Magic:  14/14      EV: 12    Int: 22    God:    Okawaru [*.....]
Gold:   220        SH:  0    Dex: 15    Spells: 12/13 levels left

rFire   . . .      SeeInvis .   n - +3 long sword (venom)
rCold   . . .      Faith    .   (no shield)
rNeg    . . .      Spirit   .   a - +0 robe
rPois   .          Reflect  .   (no helmet)
rElec   .          Harm     .   (no cloak)
rCorr   .          Rampage  .   t - +0 pair of gloves
Will    .....                   (no boots)
Stlth   ++........              o - amulet of magic regeneration
HPRegen 0.09/turn               (no ring)
MPRegen 0.54/turn               (no ring)

@: no status effects
A: no striking features
a: Renounce Religion, Heroism


You were on level 6 of the Dungeon.
You worshipped Okawaru.
Okawaru was aware of your devotion.
You visited 1 branch of the dungeon, and saw 4 of its levels.

You collected 244 gold pieces.
You spent 24 gold pieces at shops.

Inventory:

Hand Weapons
 j - a +0 hand axe
 n - a +3 long sword of venom (weapon)
 u - a +1 short sword of speed
Missiles
 c - a throwing net
 k - 2 poisoned darts (quivered)
Armour
 a - a +0 robe (worn)
 e - the +3 ring mail of Ipown {Int+3}
   (You found it on level 2 of the Dungeon)

   Int:       It affects your intelligence (+3).
 t - a +0 pair of gloves (worn)
Jewellery
 o - an amulet of magic regeneration (around neck)
Wands
 p - a wand of flame (17)
Scrolls
 d - 3 scrolls of teleportation
 g - a scroll of poison
 h - a scroll of magic mapping
 m - a scroll of blinking
Potions
 b - a potion of magic
 f - 2 potions of might
 i - a potion of cancellation
 l - a potion of resistance {unknown}
 q - 2 potions of curing {unknown}
 r - a potion of berserk rage {unknown}
 s - a potion of invisibility {unknown}
 v - a potion of degeneration {unknown}
 w - a potion of mutation {unknown}


   Skills:
 + Level 0.1 Long Blades
 + Level 0.4 Axes
 + Level 2.6 Dodging
 + Level 2.8 Stealth
 + Level 4.7 Spellcasting
 + Level 2.9 Conjurations
 + Level 4.4 Air Magic


You had 12 spell levels left.
You knew the following spells:

 Your Spells              Type           Power      Damage    Failure   Level
a - Shock                 Conj/Air       84%        1d8       2%          1

Your spell library contained the following spells:

 Spells                   Type           Power      Damage    Failure   Level
 Static Discharge         Conj/Air       21%        3-6/arc   3%          2
 Swiftness                Air            24%        N/A       4%          3
 Airstrike                Air            12%        2d(2-18)  17%         4


Dungeon Overview and Level Annotations

Branches:
Dungeon (6/15)
 Temple: D:4-7

Altars:
Okawaru

Shops:
D:2 *


Message History

The gnoll is moderately wounded.
The gnoll hits you with a +0 spear.
You slash the gnoll!
You kill the gnoll!
Okawaru accepts your kill.
You see here a +0 spear.
You start resting.
A gnoll sergeant comes into view. It is wielding a +0 spear.
The gnoll sergeant shouts!
You see here a +0 spear.
Casting: Shock (safe; 2% risk of failure)
Confirm with . or Enter, or press ? or * to list all spells.
Aiming: Shock (safe; 2% risk of failure)
Press: ? - help, Shift-Dir - straight line, f - gnoll sergeant
Aim: a gnoll sergeant, wielding a +0 spear and wearing a +0 ring mail (81% to hit)
The zap hits the gnoll sergeant.
The gnoll sergeant is lightly wounded.
Casting: Shock (safe; 2% risk of failure)
Confirm with . or Enter, or press ? or * to list all spells.
Aiming: Shock (safe; 2% risk of failure)
Press: ? - help, Shift-Dir - straight line, f/p - gnoll sergeant
Aim: a gnoll sergeant, wielding a +0 spear and wearing a +0 ring mail (lightly wounded, 81% to hit)
The zap misses the gnoll sergeant.
The gnoll sergeant hits you with a +0 spear.
You hit the gnoll sergeant.
The gnoll sergeant is moderately wounded.
The gnoll sergeant hits you with a +0 spear!
* * * LOW HITPOINT WARNING * * *
The gnoll sergeant closely misses you.
A gnoll comes into view. It is wielding a +0 halberd.
The gnoll shouts!
You hit the gnoll sergeant.
The gnoll sergeant is poisoned.
The gnoll sergeant is heavily wounded.
The gnoll sergeant hits you but does no damage.
You completely miss the gnoll sergeant.
The gnoll sergeant is heavily wounded.
The gnoll sergeant completely misses you.
The gnoll barely misses you.
The gnoll sergeant hits you with a +0 spear!
You die...

#...............
#.?........#####
#..........#
#..........#
#..........#
#..........#
########g#.#
#g#.# #@#.. #)#
#.# #.#
#.#######
#.....F/.
#########


You could see a gnoll sergeant (very poisoned) and a gnoll.

Vanquished Creatures
  A jelly (D:2)
  4 gnolls
  2 adders (D:3)
  2 worms (D:2)
  2 dart slugs (D:2)
  5 orcs (D:2)
  12 endoplasms
  4 giant cockroaches
  2 goblins (D:1)
  5 hobgoblins
  3 jackals (D:2)
  11 kobolds
  3 quokkas
  9 ball pythons
  3 bats
  8 frilled lizards
  6 rats
82 creatures vanquished.

Vanquished Creatures (others)
  6 fungi (D:2)
  6 toadstools (D:2)
12 creatures vanquished.

Grand Total: 94 creatures vanquished

Notes
Turn   | Place    | Note
-------+----------+-------------------------------------------
     0 | D:1      | Sabo the Deep Elf Air Elementalist began the quest for the
                  | Orb.
     0 | D:1      | Reached XP level 1. HP: 10/10 MP: 6/6
   155 | D:1      | Found a faded altar of an unknown god.
   252 | D:1      | Prayed at the altar of an unknown god.
   252 | D:1      | Became a worshipper of Warmaster Okawaru
   252 | D:1      | Reached * piety under Okawaru
   611 | D:1      | Reached XP level 2. HP: 15/15 MP: 1/8
  1435 | D:2      | Identified the +3 ring mail of Ipown {Int+3}
  1600 | D:2      | Reached XP level 3. HP: 19/19 MP: 7/10
  2677 | D:2      | Found Moesk's General Store.
  2685 | D:2      | Bought a scroll of identify for 24 gold pieces
  2764 | D:2      | Reached XP level 4. HP: 24/24 MP: 4/12
  4009 | D:3      | Reached XP level 5. HP: 28/28 MP: 13/13
  4463 | D:3      | You fall into a shaft and drop 3 floors!
  4548 | D:6      | Slain by a gnoll sergeant

Illustrated notes

Levels and vault maps discovered:
D:1:      minmay_arrival_arboretum_large, layout_basic,
          hellmonk_ecumenical_altar_run_dry, minmay_pentomino_z2
D:2:      cheibrodos_fertilizer, layout_loops_corners, serial_shops,
          nicolae_shop_hallway_stairs
D:3:      layout_loops_ring
D:6:      layout_basic, grunt_temple_overflow_open, serial_shops, shop

Skill      XL: |  1  2  3  4 |
---------------+-------------+-----
Spellcasting   | 4 |  4.7
Conjurations   | 2 |  2.9
Air Magic      | 4 |  4.4
Long Blades    | |  0.1
Axes           | |  0.4
Dodging        | |  2.6
Stealth        | |  2.8

Action                   |  1- 3 |  4- 6 || total
-------------------------+-------+-------++-------
Melee: Unarmed           |     6 |       ||     6
       Hand axe          |    10 |       ||    10
       Club              |     5 |       ||     5
       Long sword        |     6 |    16 ||    22
 Cast: Shock             |    86 |    54 ||   140
  Use: Scroll            |     6 |     6 ||    12
Armor: Robe              |       |     3 ||     3
Dodge: Dodged            |    12 |    14 ||    26
